 Dungeon Crawl Stone Soup version 0.30-a0-21-g5d08c37080 (webtiles) character file.

Game seed: 8775395485692674481

486 Araneus the Sneak (level 7, -7/45 HPs)
             Began as an Octopode Brigand on Aug 24, 2022.
             Splashed by a jelly's acid (9 damage)
             ... on level 4 of the Dungeon.
             The game lasted 00:09:37 (3500 turns).

Araneus the Sneak (Octopode Brigand)                Turns: 3500, Time: 00:09:38

Health: -7/45      AC: -7    Str: 11    XL:     7   Next: 13%
Magic:  7/7        EV: 13    Int: 13    God:
Gold:   158        SH:  0    Dex: 15    Spells: 6/6 levels left

rFire   . . .      SeeInvis .    h - +3 dagger (chaos)
rCold   . . .      Faith    .    (no shield)
rNeg    . . .      Spirit   .    (helmet restricted)
rPois   .          Reflect  .    (no amulet)
rElec   .          Harm     .    (no ring)
rCorr   .          Rampage  .    (no ring)
Will    .....                    (no ring)
Stlth   +++++.....               (no ring)
HPRegen 0.15/turn                (no ring)
MPRegen 0.10/turn                (no ring)
                                 (no ring)
                                 (no ring)

@: corroded
A: almost no armour, amphibious, 8 rings, camouflage 1, gelatinous body 1,
(nimble swimmer 1), tentacles
a: no special abilities


You were on level 4 of the Dungeon.
You visited 1 branch of the dungeon, and saw 4 of its levels.

You collected 158 gold pieces.

Inventory:

Hand Weapons
 h - a +3 dagger of chaos (weapon)
Missiles
 c - 3 curare-tipped darts (quivered)
 p - 3 poisoned darts
Scrolls
 a - 2 scrolls of poison
Potions
 b - a potion of attraction
 e - a potion of invisibility {unknown}
 f - 3 potions of heal wounds {unknown}
 g - 2 potions of curing {unknown}
 n - 2 potions of haste {unknown}
 t - a potion of brilliance {unknown}


   Skills:
 - Level 2.0 Fighting
 + Level 3.9 Short Blades
 + Level 5.0 Throwing
 + Level 1.8 Dodging
 + Level 7.7 Stealth


You had 6 spell levels left.
You didn't know any spells.
Your spell library contained the following spells:

 Spells                   Type           Power      Damage    Failure   Level
 Summon Forest            Summ/Tloc      0%         N/A       100%        5
 Eringya's Noxious Bog    Tmut/Pois      0%         N/A       100%        6
 Summon Hydra             Summ           0%         N/A       100%        7


Dungeon Overview and Level Annotations

Branches:
Dungeon (4/15)
 Temple: D:4-7

Altars:

Annotations:
D:4 3 runed translucent doors, tensugalgo's ghost, amateur FeCK


Innate Abilities, Weirdness & Mutations

You cannot wear most types of armour.
You are amphibious.
You can wear up to eight rings at the same time.
Your skin changes colour to match your surroundings (Stealth+).
Your rubbery body absorbs attacks. (AC +1, EV +1)
((You are camouflaged when in or above water. (Stealth+)))
You have tentacles for arms and can constrict up to eight enemies at once.


Message History

The gnoll barely misses you.
You hit the gnoll. You tentacle-slap the gnoll.
You kill the gnoll!
The gnoll hits you from afar with a +0 glaive!
Your Throwing skill increases to level 5!
A jelly comes into view.
The gnoll misses you.
You see here a +0 spear.
You barely miss the gnoll.
The gnoll shouts!
The jelly quivers.
You grab the gnoll. You constrict the gnoll.
The gnoll drinks a potion.
The gnoll suddenly seems more resistant.
The gnoll barely misses you.
You hit the gnoll but do no damage.
The gnoll is lightly wounded.
You constrict the gnoll. You hit the gnoll.
The gnoll flickers and vanishes!
Deactivating autopickup; reactivate with Ctrl-A.
You squeeze something. You constrict something. Something hits you.
You hit something. You burn something.
Reactivating autopickup.
You feel a bit more experienced.
You hit the jelly.
The jelly seems to speed up.
Your tentacles burn!
The jelly is moderately wounded.
The jelly closely misses you.
You hit the jelly. You freeze the jelly.
Your tentacles burn!
The jelly is severely wounded.
The jelly barely misses you.
You hit the jelly. You freeze the jelly. The acid corrodes you!
Your tentacles burn!
The jelly is almost dead.
The jelly hits you.
* * * LOW HITPOINT WARNING * * *
The acid corrodes you!
You are splashed with acid!
* * * LOW HITPOINT WARNING * * *
The jelly hits you.
* * * LOW HITPOINT WARNING * * *
You are splashed with acid!
You die...

,,,,,,,,,....(..^.....#######
,,,,,,,,*....#######......#
,,,,,,,,*##,,* ##..)รท....#
,,,,,,,,*##..####..########
,,,,,,,,,.........##
,,,,,,,,**#.####..##
,,,,,,,,***,* #...#####**
>,<,,,,,**,,* #.........*
,,,,,,,,**,** #@###.....*
,,,,,,,,**,* *#J#*,.....*
,,,,**,,,*,****grg,,,...#*
,,,,,***,,,,,,.....,,,...**
**,*,***,,,,,.......,,...,*
,,,,,,**,,,,......)..,,,,,*
**,,,,,,,,,.....#.....,,,,*
***,,,,,,,......,......,,,*
***,,,,,,,,,,,**,,,,,,,,,,*


You could see a jelly (fast), 2 gnolls and a quokka.

Vanquished Creatures
  Grinder (D:3)
  An ogre (D:4)
  A hound (D:4)
  Jessica (D:2)
  Terence (D:2)
  3 adders
  2 gnolls (D:4)
  2 worms
  3 dart slugs (D:1)
  An endoplasm (D:2)
  A giant cockroach (D:1)
  6 goblins
  8 hobgoblins
  5 jackals
  5 kobolds
  3 quokkas
  10 ball pythons
  7 bats
  4 frilled lizards
  5 rats
70 creatures vanquished.

Notes
Turn   | Place    | Note
-------+----------+-------------------------------------------
     0 | D:1      | Araneus the Octopode Brigand began the quest for the Orb.
     0 | D:1      | Reached XP level 1. HP: 14/14 MP: 1/1
   144 | D:1      | Reached XP level 2. HP: 19/19 MP: 2/2
   505 | D:1      | Found a faded altar of an unknown god.
   550 | D:1      | Reached XP level 3. HP: 24/24 MP: 3/3
   557 | D:1      | Reached skill level 6 in Stealth
  1363 | D:2      | Reached XP level 4. HP: 29/29 MP: 4/4
  1865 | D:2      | Noticed Terence
  1871 | D:2      | Killed Terence
  1953 | D:2      | Noticed Jessica
  1960 | D:2      | Killed Jessica
  1961 | D:2      | Reached XP level 5. HP: 30/34 MP: 5/5
  2358 | D:3      | Noticed Grinder
  2374 | D:3      | Killed Grinder
  2375 | D:3      | Reached skill level 7 in Stealth
  2375 | D:3      | Reached XP level 6. HP: 4/39 MP: 6/6
  3198 | D:4      | Found a runed translucent gate.
  3198 | D:4      | Found a runed translucent gate.
  3198 | D:4      | Found a runed translucent gate.
  3198 | D:4      | Noticed tensugalgo's ghost (amateur FeCK)
  3231 | D:4      | Reached XP level 7. HP: 9/45 MP: 7/7
  3493 | D:4      | Reached skill level 5 in Throwing
  3500 | D:4      | HP: 2/45 [jelly (1)]
  3500 | D:4      | Splashed by a jelly's acid

Illustrated notes

Levels and vault maps discovered:
D:1:      dpeg_arrival_tiny_c, layout_basic,
          ebering_ecumenical_altar_sacrificial, minivault_19
D:2:      layout_basic, uniq_terence, uniq_jessica
D:3:      layout_loops_ring, grunt_decor_resistance, grunt_ministairs_14,
          chequers_decorated_corner, uniq_grinder
D:4:      layout_rooms, cheibrodos_sewer_entry_bend, gammafunk_ghost_necromancy,
          nicolae_shop_fire_sale [nicolae_sub_dead_trees]

Skill      XL: |  1  2  3  4  5  6  7 |
---------------+----------------------+-----
Stealth        | 6 7 |  7.7
Short Blades   | 3 |  3.9
Throwing       | 3 4 5 |  5.0
Fighting       | |  2.0
Dodging        | |  1.8

Action                   |  1- 3 |  4- 6 |  7- 9 || total
-------------------------+-------+-------+-------++-------
Melee: Dagger            |    44 |    53 |     9 ||   106
       Constrict         |     8 |     9 |     2 ||    19
       Tentacles         |     5 |     6 |     2 ||    13
       Punch             |       |       |     1 ||     1
Throw: Dart              |    46 |    30 |       ||    76
  Use: Scroll            |       |    10 |       ||    10
       Potion            |       |     1 |       ||     1
 Stab: Sleeping          |    11 |     9 |       ||    20
       Distracted        |       |     1 |       ||     1
Armor: Skin              |     5 |     2 |       ||     7
Dodge: Dodged            |    23 |    15 |     6 ||    44

Table legend: (Time is in decaauts)
 A = Elapsed time spent in this place.
 B = Non-inter-level travel time spent in this place.
 C = Inter-level travel time spent in this place.
 D = Time resting spent in this place.
 E = Time spent auto-exploring this place.
 F = Levels seen in this place.
 G = Mean time per level.
                   A        B        C        D        E       F      G
               +--------+--------+--------+--------+--------+-----+--------+
         Total |   3474 |   3380 |     94 |      0 |   2903 |   4 |  868.5 |
       Dungeon |   3474 |   3380 |     94 |      0 |   2903 |   4 |  868.5 |
               +--------+--------+--------+--------+--------+-----+--------+

Top non-repeatable levels by time:
     D:2: 1123 daAuts
     D:1: 1069 daAuts
     D:3: 967 daAuts
     D:4: 313 daAuts
